 Dungeon Crawl Stone Soup version 0.22.1-2-g9c5b331 (webtiles) character file.

1525 MalarOregon the Changer (level 8, -1/54 HPs)
             Began as a Merfolk Transmuter on Nov 24, 2018.
             Was a Follower of Hepliaklqana.
             Slain by a bullfrog (8 damage)
             ... on level 6 of the Dungeon.
             The game lasted 00:09:45 (6330 turns).

MalarOregon the Changer (Merfolk Transmuter)        Turns: 6330, Time: 00:09:46

Health: -1/54      AC:  2    Str: 10    XL:     8   Next: 84%
Magic:  11/13      EV: 25    Int: 15    God:    Hepliaklqana [*.....]
Gold:   215        SH:  0    Dex: 19    Spells: 4/14 levels left

rFire    . . .     SeeInvis .     - Unarmed
rCold    . . .     Gourm    .   (shield currently unavailable)
rNeg     . . .     Faith    .   (armour currently unavailable)
rPois    x         Spirit   .   (helmet currently unavailable)
rElec    .         Reflect  .   (cloak currently unavailable)
rCorr    .         Harm     .   (gloves currently unavailable)
MR       .....                  (boots currently unavailable)
Stlth    ++........             (no amulet)
HPRegen  0.18/turn              (no ring)
MPRegen  0.13/turn              (no ring)

@: spider-form (expiring), drained
A: tiny, (change form in water), (swift swim), (stealthy swim), reduced essence
a: End Transformation, Recall Ancestor, Ancestor Identity, Renounce Religion


You were on level 6 of the Dungeon.
You worshipped Hepliaklqana.
Hepliaklqana was aware of your devotion.
You were not hungry.
You were a venomous arachnid creature.
You visited 1 branch of the dungeon, and saw 6 of its levels.

You collected 215 gold pieces.

Inventory:

Hand Weapons
 c - a +2 dagger of venom (melded)
   (You found it on level 1 of the Dungeon)
 x - a +0 spear
   (You found it on level 4 of the Dungeon)
Missiles
 a - 84 arrows
Armour
 b - a +0 robe (melded)
 h - +0 fire dragon scales
   (You found it on level 1 of the Dungeon)
 o - a +0 pair of gloves (melded)
   (You found it on level 2 of the Dungeon)
 z - the +1 ring mail of Kyrel {rElec MR+ Str-4 Int+2, unknown}
   (You found it on level 4 of the Dungeon)

   It affects your strength (-4).
   It affects your intelligence (+2).
   It insulates you from electricity.
   It affects your resistance to hostile enchantments.
Jewellery
 i - a +3 ring of slaying {unknown}
   (You found it on level 1 of the Dungeon)
Wands
 t - a wand of flame (7)
   (You found it on level 4 of the Dungeon)
Scrolls
 f - 2 scrolls of magic mapping {unknown}
 g - 5 scrolls of teleportation {unknown}
 n - 6 scrolls of identify {unknown}
 p - 3 scrolls of enchant weapon {unknown}
 r - a scroll of random uselessness {unknown}
 s - 2 scrolls of remove curse {unknown}
 v - a scroll of fog {unknown}
 w - a scroll of blinking {unknown}
 y - a scroll of fear {unknown}
 A - 2 scrolls of enchant armour {unknown}
 B - a scroll of silence {unknown}
 C - a scroll of immolation {unknown}
Potions
 d - a potion of lignification {unknown}
 j - 2 potions of magic {unknown}
 k - a potion of mutation {unknown}
 l - 5 potions of heal wounds {unknown}
 m - 2 potions of curing {unknown}
 q - 3 potions of flight {unknown}
 u - 2 potions of haste {unknown}
 D - 2 potions of degeneration {unknown}
Comestibles
 e - 5 rations {!d}


   Skills:
 + Level 3.8(2.7) Fighting
 + Level 3.9(2.9) Polearms
 * Level 7.0(5.8) Dodging
 + Level 5.0(3.9) Unarmed Combat
 + Level 3.8(2.7) Spellcasting
 * Level 7.0(5.9) Transmutations
 + Level 2.6(1.6) Ice Magic
 + Level 3.3(2.2) Poison Magic


You had 4 spell levels left.
You knew the following spells:

 Your Spells              Type           Power        Failure   Level  Hunger
a - Beastly Appendage     Tmut           ###...       8%          1    #......
c - Ice Form              Ice/Tmut       ##......     63%         4    #####..
s - Sticks to Snakes      Tmut           ###.....     10%         2    ##.....
x - Spider Form           Tmut/Pois      ##........   28%         3    ###....

Your spell library contained the following spells:

 Spells                   Type           Power        Failure   Level  Hunger
 Blade Hands              Tmut           ###.......   67%         5    ######.


Dungeon Overview and Level Annotations

Branches:
Dungeon (6/15)
 Temple: D:4-7

Altars:
Hepliaklqana


Message History

Sigmund points at you and mumbles some strange words.
The puff of flame hits you!
You're too confused to move!
The bullfrog barely misses you. The bullfrog hits you.
Sigmund mumbles some strange words.
Sigmund flickers and vanishes!
Deactivating autopickup; reactivate with Ctrl-A.
You bump into the rock wall.
The bullfrog completely misses you.
A puff of flame appears from out of thin air!
The puff of flame hits you!
* * * LOW HITPOINT WARNING * * *
You miss the bullfrog.
The bullfrog hits you but does no damage.
The bullfrog misses you.
Something hits Belshunu!
Belshunu barely misses something.
Unknown command.
You hit the bullfrog.
The bullfrog is poisoned.
The bullfrog misses you.
Belshunu barely misses something.
The bullfrog hits you.
* * * LOW HITPOINT WARNING * * *
Something closely misses Belshunu.
The bullfrog hits you.
* * * LOW HITPOINT WARNING * * *
Belshunu hits something.
Reactivating autopickup.
You feel a bit more experienced. The bullfrog hits you.
* * * LOW HITPOINT WARNING * * *
You miss the bullfrog. The bullfrog misses you. The bullfrog hits you.
* * * LOW HITPOINT WARNING * * *
You miss the bullfrog.
You feel less confused. The bullfrog hits you.
* * * LOW HITPOINT WARNING * * *
Belshunu barely misses the bullfrog.
You turn into a venomous arachnid creature.
Your +2 dagger of venom melds into your body.
Your +0 pair of gloves melds into your body.
Your +0 robe melds into your body.
Your +2 dagger of venom stops dripping with poison.
The bullfrog misses you. The bullfrog completely misses you.
Belshunu hits the bullfrog.
The bullfrog misses you.
Belshunu barely misses the bullfrog.
The bullfrog misses you. The bullfrog completely misses you.
The bullfrog misses you. The bullfrog misses you.
Your transformation is almost over.
The bullfrog hits you but does no damage.
You completely miss the bullfrog. The bullfrog hits you!
You die...

# #.....# #.## ## .. #.....#
##.# # ...######...## #..# #
.............######..# #
.........R#..........# ###
.........###.........#####..
........## #...#####..#.....
.........###...# ##.....##
.........RFs...######....##
..................[....###
..........).......[....##
..............######....####
..####.......## ####..... ..
#......## #...## #..###..
#.### ... #..# ##.# ##..#


You could see the friendly Belshunu the ancestor and a bullfrog.

Vanquished Creatures
  Pikel (D:6)
  2 slaves (D:6)
  An ogre (D:5)
  A centaur (D:5)
  4 wights (D:6)
  2 electric eels (D:4)
  A crimson imp (D:5)
  2 orc wizards (D:5)
  A bullfrog skeleton (D:5)
  A centaur skeleton (D:4)
  2 hounds
  Jessica (D:3)
  2 worker ants
  An adder (D:4)
  An ooze (D:3)
  2 adder skeletons (D:4)
  A worm (D:2)
  A dart slug (D:5)
  2 leopard geckos
  6 orcs
  3 bats
  5 giant cockroaches
  3 goblins (D:1)
  2 hobgoblins (D:3)
  11 jackals
  A quokka (D:2)
  3 ball pythons
  2 frilled lizards
  7 kobolds
  A quokka skeleton (D:5)
  A quokka zombie (D:5)
  8 rats
82 creatures vanquished.

Vanquished Creatures (collateral kills)
  Sigmund (D:6)
  A phantom (D:4)
  A centaur (D:6)
  A wight (D:6)
  A crimson imp (D:6)
  A bullfrog skeleton (D:6)
  A worker ant zombie (D:6)
  2 adders
  3 orcs
  A leopard gecko zombie (D:6)
  A quokka skeleton (D:5)
14 creatures vanquished.

Vanquished Creatures (others)
  2 slaves (D:6)
  A centaur (D:6)
  2 ancestors (D:6)
  A leopard gecko zombie (D:6)
6 creatures vanquished.

Grand Total: 102 creatures vanquished

Notes
Turn   | Place    | Note
-------+----------+-------------------------------------------
     0 | D:1      | MalarOregon the Merfolk Transmuter began the quest for the
                  | Orb.
     0 | D:1      | Reached XP level 1. HP: 15/15 MP: 3/3
    19 | D:1      | Reached XP level 2. HP: 15/21 MP: 1/5
    25 | D:1      | Learned a level 2 spell: Sticks to Snakes
   415 | D:1      | Reached XP level 3. HP: 26/26 MP: 6/6
   760 | D:2      | Learned a level 3 spell: Spider Form
  1382 | D:3      | Noticed Jessica
  1391 | D:3      | Killed Jessica
  1391 | D:3      | Reached XP level 4. HP: 15/33 MP: 7/7
  1877 | D:3      | Found a hazy altar of Hepliaklqana.
  2224 | D:3      | Became a worshipper of Hepliaklqana the Forgotten
  2353 | D:4      | Noticed a phantom
  2416 | D:4      | Reached XP level 5. HP: 27/34 MP: 8/8
  2634 | D:4      | Reached skill level 1 in Poison Magic
  2847 | D:4      | Found a transporter.
  2866 | D:4      | Found a transporter.
  2872 | D:4      | Got a polished ring mail
  2891 | D:4      | Reached skill level 1 in Polearms
  2891 | D:4      | Reached XP level 6. HP: 31/40 MP: 8/10
  3151 | D:5      | Entered Level 5 of the Dungeon
  3157 | D:5      | Learned a level 4 spell: Ice Form
  3291 | D:5      | Reached * piety under Hepliaklqana
  3318 | D:5      | Reached skill level 5 in Dodging
  3318 | D:5      | Reached skill level 5 in Transmutations
  3711 | D:4      | Killed a phantom
  3711 | D:4      | Reached XP level 7. HP: 30/45 MP: 11/11
  3738 | D:5      | Reached skill level 1 in Ice Magic
  4679 | D:6      | HP: 1/46 [centaur (10)]
  4968 | D:6      | Noticed Pikel
  5267 | D:6      | Killed Pikel
  5267 | D:6      | Reached XP level 8. HP: 21/52 MP: 9/13
  5811 | D:6      | Reached skill level 5 in Unarmed Combat
  6305 | D:6      | Noticed Sigmund
  6315 | D:6      | Killed Sigmund
  6330 | D:6      | Slain by a bullfrog

Skill      XL: |  1  2  3  4  5  6  7  8 |
---------------+-------------------------+-----
Dodging        | 3 4 5 6 7 |  7.0
Transmutations | 3 4 5 6 7 |  7.0
Fighting       | 2 3 |  3.8
Poison Magic   | 1 3 |  3.3
Unarmed Combat | 4 5 |  5.0
Polearms       | 1 3 |  3.9
Spellcasting   | 3 |  3.8
Ice Magic      | 2 |  2.6

Action                   |  1- 3 |  4- 6 |  7- 9 || total
-------------------------+-------+-------+-------++-------
Melee: Dagger            |    90 |   124 |    67 ||   281
       Headbutt          |     6 |     6 |     2 ||    14
       Punch             |     2 |     2 |     3 ||     7
       Unarmed           |       |       |    45 ||    45
 Cast: Beastly Appendage |    10 |     5 |     2 ||    17
       Spider Form       |       |       |     5 ||     5
       Ice Form          |       |       |     2 ||     2
Invok: Recall Ancestor   |       |     1 |       ||     1
Evoke: Wand              |       |     5 |       ||     5
 Stab: Sleeping          |     1 |     2 |     1 ||     4
       Distracted        |       |       |     2 ||     2
  Eat: Chunk             |     2 |     7 |     3 ||    12
       Ration            |       |       |     2 ||     2
Armor: Robe              |    21 |    21 |    11 ||    53
       Skin              |       |       |     4 ||     4
Dodge: Dodged            |    78 |   119 |   113 ||   310
